 Dungeon Crawl Stone Soup version 0.18.1-5-g4a78601 (webtiles) character file.

18173 Moloch the Arsonist (level 12, -4/66 HPs)
             Began as an Octopode Fire Elementalist on May 11, 2016.
             Was a High Priest of Vehumet.
             Slain by an eight-headed hydra (11 damage)
             ... on level 4 of the Lair of Beasts.
             The game lasted 01:01:13 (17606 turns).

Moloch the Arsonist (Octopode Fire Elementalist)   Turns: 17606, Time: 01:01:14

Health: -4/66      AC:  1    Str:  6 (7)  XL:     12   Next: 55%
Magic:  3/26       EV: 12    Int: 20      God:    Vehumet [*****.]
Gold:   704        SH:  0    Dex: 12 (13) Spells: 7 memorised, 5 levels left

rFire  + . .     SeeInvis .     o - +1 trident (venom)
rCold  + . .     Gourm    .     (no shield)
rNeg   . . .     Faith    .     (helmet restricted)
rPois  .         Spirit   .     F - amulet of magic regeneration
rElec  +         Dismiss  .     s - ring of flight
rCorr  .         Reflect  .     r - ring of protection from cold
SustAt .         Harm     .     K - ring of protection from fire
MR     +....                    (no ring)
Stlth  +++.......               (no ring)
                                (no ring)
                                (no ring)
                                (no ring)

@: somewhat resistant to hostile enchantments, fairly stealthy
A: almost no armour, amphibious, 8 rings, constrict 8, camouflage 1, blurry
vision 2, deterioration 1, dopey 1, magic resistance 1, screaming 1, electricity
resistance, wild magic 1, gelatinous body 1
a: Renounce Religion, Evoke Flight


You were on level 4 of the Lair of Beasts.
You worshipped Vehumet.
Vehumet was extremely pleased with you.
You were very hungry.

You visited 3 branches of the dungeon, and saw 14 of its levels.
You also visited: Labyrinth.

You collected 704 gold pieces.

Inventory:

Hand Weapons
 o - a +1 trident of venom (weapon)
Armour
 W - a +2 large shield
Magical Staves
 N - an uncursed staff of air
Rods
 U - a +5 rod of clouds (14/14)
   (You found it in a labyrinth)
Jewellery
 r - a ring of protection from cold (right tentacle)
 s - a ring of flight (left tentacle)
 F - an amulet of magic regeneration (around mantle)
 K - a ring of protection from fire (on tentacle)
Wands
 j - a wand of digging (5/24)
 m - a wand of iceblast (4/15)
 t - a wand of acid (5/15)
 E - a wand of digging (14/24)
 O - a wand of paralysis (3/24)
 R - a wand of confusion (15/48)
 V - a wand of lightning (10/15)
 X - a wand of acid (9/15)
Scrolls
 c - 7 scrolls of remove curse
 i - a scroll of summoning {unknown}
 k - a scroll of acquirement {unknown}
 n - 6 scrolls of amnesia {unknown}
 p - 2 scrolls of magic mapping {unknown}
 q - a scroll of identify
 y - 5 scrolls of recharging {unknown}
 C - a scroll of teleportation {unknown}
 D - 3 scrolls of fear {unknown}
 H - a scroll of noise {unknown}
 J - a scroll of fog {unknown}
 P - 2 scrolls of enchant armour {unknown}
 Q - a scroll of enchant weapon {unknown}
 T - 2 scrolls of random uselessness {unknown}
Potions
 d - a potion of resistance
 g - 7 potions of curing
 h - a potion of haste {unknown}
 u - a potion of magic {unknown}
 w - a potion of brilliance
 z - a potion of heal wounds
 A - 2 potions of might
 B - 3 potions of cure mutation
 L - 2 potions of ambrosia
 M - a potion of lignification
Books
 a - a book of Flames

   Spells                             Type                      Level
   a - Flame Tongue                   Conjuration/Fire             1
   b - Throw Flame                    Conjuration/Fire             2
   c - Conjure Flame                  Conjuration/Fire             3
   d - Inner Flame                    Hexes/Fire                   3
   e - Sticky Flame                   Conjuration/Fire             4
   f - Fireball                       Conjuration/Fire             5
 e - a book of Annihilations

   Spells                             Type                      Level
   a - Poison Arrow                   Conjuration/Poison           6
   b - Chain Lightning                Conjuration/Air              8
   c - Lehudib's Crystal Spear        Conjuration/Earth            8
   d - Glaciate                       Conjuration/Ice              9
   e - Fire Storm                     Conjuration/Fire             9
 Y - a book of the Dragon

   Spells                             Type                      Level
   a - Flame Tongue                   Conjuration/Fire             1
   b - Cause Fear                     Hexes                        4
   c - Bolt of Fire                   Conjuration/Fire             6
   d - Dragon Form                    Transmutation                7
   e - Dragon's Call                  Summoning                    9
Miscellaneous
 Z - a phantom mirror
Comestibles
 b - 9 bread rations
 f - 6 meat rations
 l - 5 chunks of flesh
 v - 3 beef jerkies
 G - 5 fruits


   Skills:
 - Level 2.0 Dodging
 - Level 2.6 Stealth
 * Level 10.2 Spellcasting
 * Level 12.0 Conjurations
 * Level 12.3 Fire Magic


You had 5 spell levels left.
You knew the following spells:

 Your Spells              Type           Power        Failure   Level  Hunger
a - Flame Tongue          Conj/Fire      #####        1%          1    None
b - Conjure Flame         Conj/Fire      ######..     1%          3    None
c - Sticky Flame          Conj/Fire      ######..     1%          4    ##.....
d - Fireball              Conj/Fire      ######....   1%          5    ####...
e - Iskenderun's Mystic   Conj           ######..     1%          4    ##.....
f - Bolt of Fire          Conj/Fire      ######....   4%          6    ######.
g - Regeneration          Chrm/Necr      ##........   28%         3    None


Dungeon Overview and Level Annotations

Branches:
Dungeon (9/15)             Temple (1/1) D:5            Lair (4/8) D:8
  Swamp (0/4) Lair:3       Spider (0/4) Lair:3          Orc (0/2) D:9

Altars:
Ashenzari
Cheibriados
Elyvilon
Fedhas
Gozag
Kikubaaqudgha
Makhleb
Nemelex Xobeh
Qazlal
Sif Muna
Trog
Vehumet
Xom
Yredelemnul
Zin
The Shining One

Shops:
D:3 *   D:5 [   D:6 [!   D:7 *

Annotations:
D:4 Pikel; grom234's ghost, novice DrFE
D:7 exclusion: Joseph, BobbyTwoHands's ghost, novice MiHu


Innate Abilities, Weirdness & Mutations

You cannot wear most types of armour.
You are amphibious.
You can wear up to eight rings at the same time.
You can use your tentacles to constrict eight enemies at once.
Your skin changes colour to match your surroundings (Stealth).
Your rubbery body absorbs attacks (AC +1).
Scrolls take you longer to read.
Your body sometimes deteriorates upon taking damage.
You are dopey. (Int -2)
You are resistant to hostile enchantments.
You occasionally shout uncontrollably at your foes.
You are resistant to electric shocks.
Your spells are a little harder to cast, but a little more powerful.


Message History

The eight-headed hydra bites you but does no damage.
The eight-headed hydra bites you!
* * * LOW HITPOINT WARNING * * *
The eight-headed hydra closely misses you.
The eight-headed hydra bites you but does no damage.
Unknown command.
Unknown command.
Read which item? (? for menu, Esc to quit)
Okay, then.
Drink which item? (? for menu, Esc to quit)
You feel much better.
The eight-headed hydra burns!
The spiny frog is engulfed in roaring flames.
The spiny frog stings you!
Your body deteriorates!
You feel clumsy. The eight-headed hydra bites you.
The eight-headed hydra closely misses you.
The eight-headed hydra misses you. The eight-headed hydra bites you!
* * * LOW HITPOINT WARNING * * *
The eight-headed hydra bites you!
You die...

# # ### # ### #.# ###
##########P###.## ...#
##.#..........#.## .....
+...............P#F.....
.###..........#D@FFr..>.
.##.............##SF..>.
###...........### .....
###.####.##..## $...
.#### ####.## ≈.. ## #.#
≈≈ ..# . # ...# # #..##


You could see an eight-headed hydra (burning), a spiny frog, a water moccasin, 3
giant frogs and a river rat.

Vanquished Creatures
  3 hydras
  A swamp dragon (Lair:3)
  Maurice (D:8)
  Joseph (D:7)
  2 komodo dragons
  4 spiny frogs
  A rime drake (Lair:4)
  3 trolls
  Grinder (D:3)
  Prince Ribbit (D:5)
  A spriggan (D:8)
  15 yaks
  A wyvern (D:8)
  4 hungry ghosts (Lab)
  A human (D:2)
  5 hippogriffs
  6 water moccasins
  Edmund (D:5)
  6 porcupines
  An ice beast (D:4)
  3 slaves (D:5)
  2 phantoms (D:4)
  8 orc warriors
  A sky beast (D:6)
  6 wolves (Lair:3)
  4 ogres
  2 centaurs (D:9)
  7 crocodiles
  A big kobold (D:7)
  13 giant frogs
  2 wyvern zombies
  A water moccasin zombie (D:7)
  3 scorpions
  10 killer bees
  5 howler monkeys
  3 crimson imps
  A quasit (D:9)
  10 orc priests
  14 orc wizards
  6 hounds
  2 jellies
  Crazy Yiuf (D:3)
  A human skeleton (D:2)
  9 iguanas
  Natasha (thrice) (D:3)
  11 worker ants
  7 sheep (Lair:1)
  3 hound skeletons
  Robin (D:3)
  A gnoll (D:9)
  26 river rats
  6 adders
  4 worms
  5 dart slugs
  5 giant geckos
  67 orcs
  8 bats
  5 giant cockroaches
  16 goblins
  16 hobgoblins
  18 jackals
  10 kobolds
  2 quokkas
  A giant gecko skeleton (D:6)
  2 giant gecko zombies
  5 giant newts
  A jackal skeleton (D:2)
  A quokka zombie (D:9)
  4 rats
  A bush (Lair:2)
  2 fungi
405 creatures vanquished.

Vanquished Creatures (others)
  A minotaur (Lab)
  A giant cockroach (D:4)
  A fungus (Lair:3)
3 creatures vanquished.

Grand Total: 408 creatures vanquished

Notes
Turn   | Place    | Note
--------------------------------------------------------------
     0 | D:1      | Moloch the Octopode Fire Elementalist began the quest for the Orb.
     0 | D:1      | Reached XP level 1. HP: 11/11 MP: 3/3
   172 | D:1      | Reached XP level 2. HP: 17/17 MP: 3/5
   785 | D:1      | Reached XP level 3. HP: 18/21 MP: 4/6
  1155 | D:1      | Learned a level 3 spell: Conjure Flame
  1340 | D:2      | Noticed a human
  1451 | D:2      | Reached XP level 4. HP: 27/27 MP: 3/8
  1457 | D:2      | Learned a level 4 spell: Sticky Flame
  1492 | D:2      | Found a runed door.
  1604 | D:2      | Found a basalt altar of Yredelemnul.
  1836 | D:2      | Found a deep blue altar of Sif Muna.
  2339 | D:2      | Killed a human
  2339 | D:2      | Reached XP level 5. HP: 31/31 MP: 4/9
  2339 | D:2      | Reached XP level 6. HP: 36/36 MP: 4/10
  2402 | D:3      | Found an opulent altar of Gozag.
  2402 | D:3      | Found Gozag's Platinum Reserve.
  2438 | D:3      | Noticed Grinder
  2438 | D:3      | Noticed Natasha
  2478 | D:3      | Noticed Crazy Yiuf
  2484 | D:3      | Killed Crazy Yiuf
  2560 | D:3      | Killed Natasha
  2601 | D:3      | Killed Grinder
  2601 | D:3      | Reached skill level 5 in Fire Magic
  2601 | D:3      | Reached XP level 7. HP: 13/41 MP: 1/12
  2774 | D:3      | Noticed Natasha
  2783 | D:3      | Killed Natasha
  3130 | D:3      | Noticed Robin
  3199 | D:3      | Killed Robin
  3388 | D:3      | Noticed Natasha
  3391 | D:3      | Killed Natasha
  3895 | D:4      | Reached skill level 5 in Conjurations
  4230 | D:4      | Found a blossoming altar of Fedhas.
  4267 | D:4      | Noticed grom234's ghost (novice DrFE)
  4410 | D:4      | Learned a level 5 spell: Fireball
  4429 | D:4      | Reached XP level 8. HP: 46/46 MP: 3/14
  4972 | D:5      | Entered Level 5 of the Dungeon
  5085 | D:5      | Found a staircase to the Ecumenical Temple.
  5094 | Temple   | Entered the Ecumenical Temple
  5114 | Temple   | Became a worshipper of Vehumet
  5161 | D:5      | Noticed Pikel
  6061 | D:4      | Reached skill level 5 in Spellcasting
  6572 | D:5      | Found Fugit's Antique Armour Shoppe.
  6605 | D:5      | Noticed Prince Ribbit
  6647 | D:5      | Killed Prince Ribbit
  6900 | D:5      | Found a sparkling altar of Nemelex Xobeh.
  6970 | D:5      | Reached XP level 9. HP: 44/51 MP: 8/17
  7109 | D:5      | Noticed Edmund
  7120 | D:5      | Killed Edmund
  7383 | D:6      | Found a stormy altar of Qazlal.
  7442 | D:6      | Found Ynipur's Distillery.
  7720 | D:6      | Reached * piety under Vehumet
  7720 | D:6      | Offered knowledge of Shock by Vehumet.
  7989 | D:6      | Found Akobe's Armour Boutique.
  8282 | D:6      | Noticed a troll
  8290 | D:6      | Killed a troll
  8616 | D:7      | Found an ancient bone altar of Kikubaaqudgha.
  8617 | D:7      | Noticed BobbyTwoHands's ghost (novice MiHu)
  8869 | D:7      | Noticed Joseph
  9375 | D:7      | Found a basalt altar of Yredelemnul.
  9705 | D:7      | Found Resuethro's Assorted Antiques.
  9790 | D:7      | Found a sparkling altar of Nemelex Xobeh.
  9947 | D:7      | Reached XP level 10. HP: 40/56 MP: 14/19
 10237 | D:7      | Killed Joseph
 10670 | D:8      | Offered knowledge of Sandblast by Vehumet.
 10725 | D:8      | Noticed a six-headed hydra
 10789 | D:8      | Reached ** piety under Vehumet
 10792 | D:8      | Killed a six-headed hydra
 10895 | D:8      | Found a staircase to the Lair.
 11188 | D:8      | Reached skill level 10 in Fire Magic
 11330 | D:8      | Found a snail-covered altar of Cheibriados.
 11427 | D:8      | Noticed Maurice
 11434 | D:8      | Killed Maurice
 11790 | D:8      | Reached skill level 10 in Conjurations
 11927 | D:9      | Offered knowledge of Ignite Poison by Vehumet.
 12316 | D:9      | Reached XP level 11. HP: 48/61 MP: 13/22
 12323 | D:9      | Reached *** piety under Vehumet
 12602 | D:9      | Found a staircase to the Orcish Mines.
 12730 | D:9      | Gained mutation: Scrolls take you a little longer to read. [potion of mutation]
 12730 | D:9      | Gained mutation: You are resistant to electric shocks. [potion of mutation]
 12730 | D:9      | Gained mutation: You are resistant to hostile enchantments. [potion of mutation]
 12731 | D:9      | Gained mutation: Your body sometimes deteriorates upon taking damage. [potion of mutation]
 12731 | D:9      | Gained mutation: Scrolls take you longer to read. [potion of mutation]
 12732 | D:9      | Gained mutation: You occasionally shout uncontrollably at your foes. [potion of mutation]
 12732 | D:9      | Gained mutation: Your spells are a little harder to cast, but a little more powerful. [potion of mutation]
 12732 | D:9      | Gained mutation: You are dopey. (Int -2) [potion of mutation]
 12817 | D:9      | Offered knowledge of Iskenderun's Mystic Blast by Vehumet.
 12824 | D:9      | Learned a level 4 spell: Iskenderun's Mystic Blast
 13132 | D:9      | Reached **** piety under Vehumet
 13195 | D:9      | Offered knowledge of Olgreb's Toxic Radiance by Vehumet.
 13676 | Lair:1   | Entered Level 1 of the Lair of Beasts
 14153 | Lair:1   | Noticed an eight-headed hydra
 14163 | Lair:1   | Killed an eight-headed hydra
 15165 | Lair:2   | Noticed a six-headed hydra
 15196 | Lair:2   | Found a labyrinth entrance.
 15205 | Lab      | Entered a labyrinth
 15689 | Lab      | Noticed a minotaur
 15707 | Lab      | Killed a minotaur
 15871 | Lab      | Identified a +5 rod of clouds (14/14) (You found it in a labyrinth)
 15873 | Lab      | Identified the Disquisition on Stolen Souls (You found it in a labyrinth)
 15881 | Lab      | Learned a level 6 spell: Bolt of Fire
 15885 | Lab      | Learned a level 3 spell: Regeneration
 15960 | Lair:2   | Killed a six-headed hydra
 15960 | Lair:2   | Reached XP level 12. HP: 66/66 MP: 12/25
 16268 | Lair:2   | Reached ***** piety under Vehumet
 16268 | Lair:2   | Offered knowledge of Ozocubu's Refrigeration by Vehumet.
 16737 | Lair:3   | Found a staircase to the Swamp.
 16907 | Lair:3   | Reached skill level 10 in Spellcasting
 17263 | Lair:3   | Found a hole to the Spider Nest.
 17494 | Lair:4   | Noticed an eight-headed hydra
 17606 | Lair:4   | Slain by an eight-headed hydra

Skill      XL: |  1  2  3  4  5  6  7  8  9 10 11 12 |
---------------+-------------------------------------+-----
Conjurations   | 2 3 4 5 7 8 10 11 12 | 12.0
Fire Magic     | 4 5 6 7 8 10 11 12 | 12.3
Spellcasting   | 3 4 5 6 7 9 10 | 10.2
Dodging        | |  2.0
Stealth        | |  2.6

Action                   |  1- 3 |  4- 6 |  7- 9 | 10-12 || total
-------------------------+-------+-------+-------+-------++-------
Melee: Unarmed           |     8 |       |       |       ||     8
       Tentacles         |     7 |     3 |    30 |    19 ||    59
       Constrict         |    10 |    11 |    48 |    26 ||    95
       Dagger            |    34 |    39 |   212 |    63 ||   348
       Trident           |       |       |       |    63 ||    63
 Cast: Flame Tongue      |    43 |    20 |   143 |    76 ||   282
       Conjure Flame     |     1 |     6 |    16 |    18 ||    41
       Sticky Flame      |       |     4 |    42 |    35 ||    81
       Fireball          |       |       |    10 |   139 ||   149
       Iskenderun's Myst |       |       |       |     4 ||     4
Evoke: Wand              |       |       |       |     5 ||     5
       Rod               |       |       |       |     1 ||     1
  Use: Scroll            |       |       |     8 |     4 ||    12
       Potion            |       |       |       |     7 ||     7
 Stab: Sleeping          |       |     3 |     5 |       ||     8
       Paralysed         |       |       |       |     4 ||     4
       Invisible         |       |       |       |     2 ||     2
       Distracted        |       |       |       |     1 ||     1
  Eat: Chunk             |     2 |     4 |    42 |    54 ||   102
       Pizza             |       |       |       |     1 ||     1
Armor: Skin              |     3 |     2 |    11 |     9 ||    25
Dodge: Dodged            |    37 |    16 |   136 |    89 ||   278
